Map: Oxide LE

Players

ByuN - Winner!

  • Race: Terran Terran
  • Spawn Location: 1:00

ShaDoWn

  • Race: Protoss Protoss
  • Spawn Location: 7:00

Event: Cheeseadelphia Winter Championship 2021

VOD

Have the link to the VOD?

Description

Time

  • Played on: Jan. 24, 2021, 12:19 p.m.
  • Length: 11:05

All games in this series

Show
View Real Time Build Order
Export as new Build Order

ByuN Terran - Winner!

Build Orders:  

Get SALT Encoding   

  12  0:00  SCV  
  13  0:12  SCV  
  14  0:17  Supply Depot  
  14  0:24  SCV  
  15  0:38  SCV  
  15  0:40  Barracks  
  16  0:43  Refinery  
  16  0:51  SCV  
  17  1:03  SCV  
  18  1:15  SCV  
  19  1:27  Orbital Command, Marine  
  20  1:45  Command Center  
  20  1:46  Barracks Reactor  
  20  1:56  SCV  
  20  1:57  Supply Depot  
  21  2:07  Barracks  
  21  2:08  SCV  
  22  2:20  SCV  
  22  2:22  Marine x2  
  23  2:25  Engineering Bay  
  25  2:33  SCV  
  26  2:40  Marine x2  
  28  2:45  SCV  
  29  2:52  Terran Infantry Weapons Level 1  
  29  2:56  Barracks Tech Lab  
  29  2:57  SCV  
  29  2:58  Marine x2  
  30  2:59  Orbital Command  
  32  3:09  SCV  
  32  3:10  Refinery  
  33  3:14  Marine  
  33  3:16  Stimpack  
  33  3:18  Marine x2  
  36  3:25  SCV  
  36  3:26  SCV  
  38  3:30  Supply Depot  
  38  3:35  Marine  
  38  3:36  Marine x2  
  38  3:37  SCV  
  38  3:38  SCV  
  43  3:42  Supply Depot  
  43  3:49  SCV  
  43  3:50  SCV  
  43  3:53  Marine  
  46  3:57  Marine x2  
  46  3:58  Missile Turret  
  46  4:01  SCV  
  46  4:02  SCV  
  50  4:05  Factory  
  50  4:13  SCV  
  50  4:14  SCV, Marine  
  50  4:15  Refinery, Marine x2  
  55  4:17  Supply Depot  
  55  4:25  SCV  
  55  4:26  SCV  
  55  4:27  Barracks  
  57  4:33  Marine x2  
  57  4:35  Marine  
  57  4:38  SCV x2  
  61  4:40  Supply Depot  
  62  4:46  Terran Infantry Armor Level 1  
  62  4:50  SCV x2  
  62  4:51  Starport  
  62  4:55  Marauder, Marine x2  
  62  4:58  Combat Shield, Factory Reactor  
  66  5:08  SCV  
  66  5:09  SCV  
  67  5:15  Marine x2  
  67  5:17  Marauder  
  62  5:21  Barracks Tech Lab  
  62  5:25  Refinery  
  61  5:32  SCV x2  
  61  5:33  Marine x2  
  65  5:41  Command Center  
  67  5:44  Medivac  
  67  5:45  Medivac, Marauder x2, Factory Tech Lab  
  67  5:47  Concussive Shells  
  73  5:52  Supply Depot x2, Marine x2  
  73  5:55  SCV  
  73  5:56  SCV  
  77  6:10  Marine  
  78  6:13  Siege Tank, Marine  
  78  6:14  Marauder x2  
  77  6:20  Medivac x2  
  79  6:27  Barracks x2  
  79  6:31  Marine  
  79  6:32  Marine  
  79  6:38  SCV x2  
  81  6:42  Marauder x2  
  85  6:48  Supply Depot x2, Siege Tank  
  85  6:49  Marine x2  
  90  6:55  Orbital Command  
  90  6:58  Viking  
  90  7:01  Viking  
  94  7:06  Marauder x2  
  98  7:10  Marine x2  
  98  7:15  Barracks Reactor, Orbital Command, Barracks Tech Lab  
  100  7:21  Siege Tank  
  103  7:27  Marauder  
  103  7:28  Marauder  
  107  7:30  Supply Depot, Marine x2  
  107  7:31  Supply Depot  
  107  7:34  Viking x2  
  113  7:39  Marauder  
  116  7:44  SCV x2  
  116  7:45  SCV  
  116  7:50  Supply Depot  
  118  7:56  SCV x2  
  118  7:57  SCV  
  120  8:04  Marauder x2, Marine x2  
  126  8:07  Viking x2  
  126  8:08  Marine x2  
  126  8:09  Siege Tank  
  126  8:12  SCV x2  
  130  8:23  Marauder  
  130  8:24  SCV x2  
  130  8:26  Marauder  
  106  8:34  Orbital Command  
  106  8:35  Marauder  
  106  8:36  SCV x2  
  106  8:37  Marine  
  97  8:44  Marauder  
  85  8:48  SCV x2  
  85  8:49  Marine x2  
  85  8:54  Marine  
  84  8:58  Marauder  
  86  9:09  Marine x2  
  87  9:11  Marine  
  88  9:18  SCV x3  
  89  9:26  Marauder  
  89  9:27  Marine  
  89  9:30  Siege Tank  
  93  9:32  Marine x3  
  93  9:34  Marauder  
  93  9:37  Marauder  
  100  9:39  SCV x3  
  102  9:46  Liberator x2  
  102  9:51  SCV x2  
  102  9:52  SCV  
  111  9:53  Marauder  
  111  9:56  Marauder  
  111  9:58  Marauder, Marine  
  111  9:59  Marine x3  
  121  10:03  SCV x2, Siege Tank  
  126  10:20  Marauder x3  
  126  10:21  Marine x3  
  134  10:22  Marine  
  134  10:26  SCV x2  
  119  10:38  Marine  
  119  10:39  Marine  
  119  10:40  Marine x2  
  119  10:41  Marauder  
  119  10:42  Marauder x2  
Show
View Real Time Build Order
Export as new Build Order

ShaDoWn Protoss 

Build Orders: 1 Gate Expand, Blink Stalkers, Colossus Rush 

Get SALT Encoding   

  12  0:00  Probe  
  13  0:12  Probe  
  14  0:19  Pylon  
  14  0:24  Probe  
  15  0:37  Gateway, Probe (Chrono Boost)  
  16  0:47  Assimilator, Probe (Chrono Boost)  
  17  0:52  Probe (Chrono Boost)  
  18  1:03  Probe  
  19  1:15  Probe  
  20  1:24  Cybernetics Core  
  20  1:35  Nexus  
  21  1:41  Pylon  
  21  1:45  Probe  
  21  1:49  Assimilator  
  21  1:57  Probe  
  21  1:58  Adept (Chrono Boost)  
  24  2:09  Probe  
  25  2:16  Warp Gate  
  25  2:21  Probe  
  28  2:25  Twilight Council  
  26  2:30  Stalker  
  26  2:33  Probe (Chrono Boost)  
  30  2:44  Probe (Chrono Boost)  
  30  2:49  Probe (Chrono Boost)  
  32  2:53  Probe (Chrono Boost)  
  32  2:57  Probe (Chrono Boost)  
  33  3:01  Blink, Probe (Chrono Boost)  
  33  3:02  Probe (Chrono Boost)  
  35  3:10  Gateway  
  36  3:14  Probe (Chrono Boost)  
  36  3:15  Probe (Chrono Boost)  
  36  3:18  Robotics Facility  
  37  3:24  Probe (Chrono Boost)  
  37  3:26  Stalker  
  41  3:27  Probe (Chrono Boost)  
  41  3:29  Probe (Chrono Boost)  
  41  3:33  Pylon  
  42  3:36  Probe  
  42  3:40  Probe  
  44  3:41  Assimilator  
  44  3:44  Assimilator  
  45  3:51  Probe (Chrono Boost)  
  45  3:52  Gateway, Probe (Chrono Boost)  
  48  4:02  Probe (Chrono Boost)  
  48  4:04  Probe (Chrono Boost)  
  48  4:05  Sentry, Pylon  
  48  4:08  Probe (Chrono Boost)  
  51  4:10  Robotics Bay  
  51  4:12  Probe  
  53  4:17  Observer  
  53  4:19  Probe  
  53  4:23  Stalker  
  56  4:31  Nexus  
  56  4:35  Stalker, Immortal (Chrono Boost)  
  61  4:42  Pylon, Probe  
  62  4:56  Pylon  
  62  5:00  Probe  
  62  5:04  Stalker x2  
  64  5:17  Colossus (Chrono Boost)  
  63  5:25  Extended Thermal Lance  
  63  5:27  Charge  
  63  5:34  Gateway  
  63  5:35  Gateway, Nexus  
  63  5:40  Gateway  
  63  5:41  Sentry  
  65  5:46  Gateway  
  65  6:00  Colossus (Chrono Boost)  
  65  6:02  Pylon  
  71  6:07  Sentry  
  71  6:11  Zealot x2  
  76  6:13  Probe  
  77  6:22  Probe  
  78  6:31  Phoenix  
  78  6:33  Nexus  
  78  6:34  Sentry  
  78  6:35  Zealot x3  
  78  6:37  Pylon  
  86  6:45  Warp Prism (Chrono Boost)  
  86  6:52  Pylon  
  86  6:55  Pylon  
  86  6:57  Sentry  
  86  6:59  Sentry, Stalker x2  
  94  7:02  Pylon  
  94  7:08  Colossus (Chrono Boost)  
  94  7:11  Probe x2  
  94  7:12  Sentry  
  94  7:13  Stalker x2  
  102  7:15  Observer (Chrono Boost)  
  103  7:23  Zealot x3  
  103  7:24  Zealot  
  111  7:32  Pylon  
  111  7:38  Sentry, Zealot x2  
  117  7:46  Zealot x2  
  117  7:47  Zealot x2  
  125  8:05  Zealot x2  
  125  8:06  Zealot  
  125  8:10  Zealot  
  125  8:11  Zealot x3  
  99  8:28  Stalker x7  
  99  8:30  Probe  
  106  8:35  Probe  
  73  8:53  Zealot x7  
  73  8:55  Probe  
  80  8:56  Probe  
  80  9:00  Warp Prism (Chrono Boost)  
  68  9:18  Zealot x5  
  68  9:19  Probe  
  73  9:26  Templar Archives  
  73  9:27  Probe  
  75  9:41  Zealot x3  
  75  9:42  Zealot  
  75  9:43  Sentry  
  85  9:48  Stalker  
  85  9:50  Stalker  
  88  9:55  Immortal (Chrono Boost)  
  92  10:02  High Templar  
  92  10:03  High Templar x3  
  92  10:06  Archon  
  100  10:07  Archon  
  100  10:11  High Templar  
  100  10:12  High Templar  
  104  10:15  Probe  
  104  10:16  Archon, Zealot  
  104  10:20  Assimilator  
  107  10:21  Assimilator  
  71  10:35  Zealot x2  
  71  10:36  Zealot x2  
  71  10:42  Zealot  
  75  10:47  Zealot x2  
Tags
 
Add a new tag
Caveats
  • Supply blocks, unpowered buildings, or Contaminate may cause inaccurate times.
  • Supply counts are checked every 10 seconds.